 Dungeon Crawl Stone Soup version 0.24.0-37-gcf1ca852f1 (webtiles) character file.

Game seed: 18201948020994095126, levelgen mode: deterministic

80 Emblim88 the Charlatan (level 4, 0/34 HPs)
             Began as a Gnoll Artificer on Nov 26, 2019.
             Slain by Sigmund
             ... wielding a +0 scythe
              (11 damage)
             ... on level 3 of the Dungeon.
             The game lasted 00:03:53 (2749 turns).

Emblim88 the Charlatan (Gnoll Artificer)            Turns: 2749, Time: 00:03:53

Health: 0/34       AC:  6    Str: 15    XL:     4   Next: 39%
Magic:  17/17      EV: 12    Int: 13    God:
Gold:   110        SH:  0    Dex: 16    Spells: 5/5 levels left

rFire    . . .     SeeInvis .   a - +0 short sword
rCold    . . .     Gourm    .   (no shield)
rNeg     . . .     Faith    .   r - +0 scale mail (curse)
rPois    .         Spirit   .   (no helmet)
rElec    .         Reflect  .   (no cloak)
rCorr    .         Harm     .   (no gloves)
MR       .....                  (no boots)
Stlth    +.........             (no amulet)
HPRegen  0.11/turn              q - ring of magical power
MPRegen  0.15/turn              (no ring)

@: lethally poisoned (0 -> -5)
A: distributed training, fangs 1, strong nose
a: no special abilities


You were on level 3 of the Dungeon.
You were not hungry.

You visited 1 branch of the dungeon, and saw 3 of its levels.

You collected 110 gold pieces.

Inventory:

Hand Weapons
 a - a +0 short sword (weapon)
Missiles
 s - 7 boomerangs (quivered)
Armour
 b - a +0 leather armour
 r - a cursed +0 scale mail (worn)
Jewellery
 q - a ring of magical power (left hand)
Wands
 c - a wand of flame (9)
 d - a wand of enslavement (15)
 e - a wand of random effects (15)
Scrolls
 g - a scroll of enchant weapon {unknown}
 h - 3 scrolls of noise {unknown}
 i - a scroll of blinking {unknown}
 j - 3 scrolls of identify {unknown}
 k - 3 scrolls of teleportation {unknown}
 p - a scroll of random uselessness {unknown}
 t - a scroll of magic mapping {unknown}
Potions
 l - 2 potions of haste {unknown}
 m - a potion of brilliance {unknown}
 n - a potion of flight {unknown}
 o - a potion of degeneration {unknown}
Comestibles
 f - 3 rations


   Skills:
 + Level 2.7 Fighting
 + Level 2.7 Short Blades
 + Level 1.1 Long Blades
 + Level 1.1 Axes
 + Level 1.1 Maces & Flails
 + Level 1.1 Polearms
 + Level 1.1 Staves
 + Level 1.1 Slings
 + Level 1.1 Bows
 + Level 1.1 Crossbows
 + Level 1.1 Throwing
 + Level 1.1 Armour
 + Level 4.6 Dodging
 + Level 2.5 Stealth
 + Level 1.1 Shields
 + Level 1.1 Unarmed Combat
 + Level 1.1 Spellcasting
 + Level 0.8 Conjurations
 + Level 0.8 Hexes
 + Level 0.8 Charms
 + Level 0.8 Summonings
 + Level 0.8 Necromancy
 + Level 0.8 Translocations
 + Level 0.8 Transmutations
 + Level 0.8 Fire Magic
 + Level 0.8 Ice Magic
 + Level 0.8 Air Magic
 + Level 0.8 Earth Magic
 + Level 0.8 Poison Magic
 + Level 1.2 Invocations
 + Level 6.6 Evocations


You had 5 spell levels left.
You didn't know any spells.
Your spell library was empty.

Dungeon Overview and Level Annotations

Branches:
Dungeon (3/15)

Altars:

Annotations:
D:3 Sigmund


Innate Abilities, Weirdness & Mutations

Your experience applies equally to all skills.
You have very sharp teeth.
Your uncanny sense of smell can sniff out nearby items.


Message History

The adder is severely wounded.
The adder bites you. Something hits you.
Your scale mail prevents you from hitting the adder.
The adder is severely wounded.
The adder bites you but does no damage. The adder closely misses you.
You hit the adder. Your bite misses the adder.
The adder is almost dead.
Something hits you. The adder barely misses you.
You miss the adder. Your bite misses the adder.
The adder is almost dead.
The adder bites you.
You are poisoned.
The adder poisons you! Something hits you!
You completely miss the adder.
The adder is almost dead.
You feel sick. The adder bites you but does no damage.
You closely miss the adder. You bite the adder, but do no damage.
The adder is almost dead.
The adder barely misses you. Something hits you!
You die...

.>....................
......................
.............((g......
..........##.....$...
..........###...##...
#####.....# #...# ..
#K{r..# #...# .
##S#.## #...# #@#.#
##### ###.# ..# ###


You could see an adder, a kobold and a rat.

Vanquished Creatures
  Terence (D:2)
  4 worms (D:2)
  2 dart slugs (D:2)
  2 leopard geckos
  A ball python (D:2)
  6 bats
  A giant cockroach (D:2)
  7 goblins
  7 hobgoblins
  A frilled lizard (D:2)
  5 kobolds
  A rat (D:1)
38 creatures vanquished.

Notes
Turn   | Place    | Note
-------+----------+-------------------------------------------
     0 | D:1      | Emblim88 the Gnoll Artificer began the quest for the Orb.
     0 | D:1      | Reached XP level 1. HP: 17/17 MP: 4/4
   202 | D:1      | Reached XP level 2. HP: 23/23 MP: 6/6
  1194 | D:2      | Reached XP level 3. HP: 28/28 MP: 7/7
  1402 | D:2      | Noticed Terence
  1434 | D:2      | Killed Terence
  1434 | D:2      | Reached skill level 1 in Long Blades
  1434 | D:2      | Reached skill level 1 in Axes
  1434 | D:2      | Reached skill level 1 in Maces & Flails
  1434 | D:2      | Reached skill level 1 in Polearms
  1434 | D:2      | Reached skill level 1 in Staves
  1434 | D:2      | Reached skill level 1 in Slings
  1434 | D:2      | Reached skill level 1 in Bows
  1434 | D:2      | Reached skill level 1 in Crossbows
  1434 | D:2      | Reached skill level 1 in Throwing
  1434 | D:2      | Reached skill level 1 in Armour
  1434 | D:2      | Reached skill level 1 in Shields
  1434 | D:2      | Reached skill level 1 in Unarmed Combat
  1434 | D:2      | Reached skill level 1 in Spellcasting
  1434 | D:2      | Reached skill level 1 in Invocations
  1434 | D:2      | Reached XP level 4. HP: 18/34 MP: 8/8
  2722 | D:3      | Noticed Sigmund
  2749 | D:3      | Slain by Sigmund

Levels and vault maps discovered:
D:1:      saegor_arrival_simple_e, layout_basic, feat_on_display
D:2:      layout_basic, st_stairs_3, uniq_terence
D:3:      layout_basic, hangedman_ru_absence, lightli_temple_of_fire,
          gammafunk_temple_overflow_forgotten, hex_tiny, chequers_jeans,
          uniq_robin, uniq_sigmund, uniq_natasha

Skill      XL: |  1  2  3 |
---------------+----------+-----
Long Blades    | 1 |  1.1
Axes           | 1 |  1.1
Maces & Flails | 1 |  1.1
Polearms       | 1 |  1.1
Staves         | 1 |  1.1
Slings         | 1 |  1.1
Bows           | 1 |  1.1
Crossbows      | 1 |  1.1
Throwing       | 1 |  1.1
Armour         | 1 |  1.1
Shields        | 1 |  1.1
Unarmed Combat | 1 |  1.1
Spellcasting   | 1 |  1.1
Invocations    | 1 |  1.2
Fighting       | |  2.7
Short Blades   | |  2.7
Dodging        | |  4.6
Stealth        | |  2.5
Conjurations   | |  0.8
Hexes          | |  0.8
Charms         | |  0.8
Summonings     | |  0.8
Necromancy     | |  0.8
Translocations | |  0.8
Transmutations | |  0.8
Fire Magic     | |  0.8
Ice Magic      | |  0.8
Air Magic      | |  0.8
Earth Magic    | |  0.8
Poison Magic   | |  0.8
Evocations     | |  6.6

Action                   |  1- 3 |  4- 6 || total
-------------------------+-------+-------++-------
Melee: Short sword       |   111 |    60 ||   171
       Bite              |    12 |     7 ||    19
       Punch             |       |     1 ||     1
Evoke: Wand              |     6 |       ||     6
 Stab: Sleeping          |     1 |     1 ||     2
  Eat: Chunk             |     1 |     1 ||     2
       Ration            |       |     1 ||     1
Armor: Leather armour    |    23 |     1 ||    24
       Scale mail        |       |     9 ||     9
Dodge: Dodged            |    78 |    32 ||   110
